Map: Catalyst LE

Players

GetOut

  • Race: Protoss Protoss
  • League: Master
  • Spawn Location: 5:00

Uzikoti - Winner!

  • Race: Terran Terran
  • League: Grandmaster
  • Spawn Location: 11:00

VOD

Have the link to the VOD?

Description

Time

  • Played on: Feb. 25, 2018, 11:48 a.m.
  • Length: 8:19
Show
View Real Time Build Order
Export as new Build Order

GetOut Protoss 

Build Orders: 1 Gate Expand 

Get SALT Encoding   

  12  0:01  Probe  
  13  0:13  Probe  
  14  0:17  Pylon  
  14  0:25  Probe  
  15  0:35  Gateway  
  15  0:38  Probe (Chrono Boost)  
  16  0:44  Assimilator  
  16  0:48  Probe (Chrono Boost)  
  17  0:55  Probe  
  18  1:07  Probe  
  19  1:19  Probe  
  20  1:26  Nexus  
  20  1:35  Cybernetics Core  
  20  1:38  Probe  
  21  1:43  Assimilator  
  21  1:50  Probe  
  22  1:54  Pylon  
  22  2:01  Warp Gate  
  22  2:02  Probe  
  23  2:09  Stalker (Chrono Boost)  
  23  2:14  Probe  
  26  2:26  Probe  
  27  2:38  Probe  
  27  2:48  Probe  
  27  2:51  Stalker, Probe  
  29  2:57  Twilight Council  
  31  3:00  Probe  
  31  3:03  Probe  
  33  3:12  Gateway  
  33  3:13  Gateway, Probe  
  33  3:23  Stalker (Chrono Boost)  
  33  3:24  Shield Battery  
  34  3:32  Gateway  
  34  3:34  Pylon  
  34  3:37  Pylon  
  34  3:46  Sentry (Chrono Boost)  
  36  3:51  Pylon  
  36  3:55  Gateway  
  36  4:08  Sentry x2  
  40  4:10  Gateway  
  40  4:13  Stalker  
  42  4:31  Stalker x3  
  47  4:47  Adept  
  47  4:50  Adept  
  51  4:57  Adept x3  
  57  5:04  Stalker x2  
  61  5:07  Pylon  
  61  5:09  Pylon  
  59  5:25  Adept x4  
  37  5:58  Stalker x5  
  37  5:59  Zealot  
  41  6:27  Adept x5  
  41  6:28  Adept  
  47  6:53  Zealot x6  
  57  7:17  Stalker  
  57  7:18  Stalker x3  
  57  7:19  Sentry  
  63  7:25  Stalker  
  51  7:50  Zealot x6  
Show
View Real Time Build Order
Export as new Build Order

Uzikoti Terran - Winner!

Build Orders: Reaper Expand 

Get SALT Encoding   

  12  0:00  SCV  
  13  0:13  SCV  
  14  0:17  Supply Depot  
  14  0:25  SCV  
  15  0:38  SCV  
  15  0:40  Barracks  
  16  0:44  Refinery  
  16  0:50  SCV  
  17  1:03  SCV  
  18  1:15  SCV  
  19  1:27  Orbital Command, Reaper  
  20  1:40  Command Center  
  20  1:49  Supply Depot  
  20  1:53  SCV  
  21  2:00  Barracks Tech Lab  
  21  2:05  SCV  
  22  2:14  Refinery  
  22  2:17  SCV  
  22  2:19  Marauder, Concussive Shells  
  25  2:24  Ghost Academy  
  25  2:29  SCV  
  26  2:40  Marauder  
  26  2:41  SCV  
  28  2:53  Orbital Command, SCV  
  29  3:03  Engineering Bay, Ghost  
  31  3:06  SCV  
  32  3:18  SCV  
  33  3:21  SCV  
  34  3:30  SCV  
  34  3:32  Marauder  
  34  3:33  SCV  
  38  3:38  Command Center  
  38  3:43  SCV  
  38  3:44  Supply Depot  
  38  3:45  SCV  
  40  3:50  Terran Infantry Weapons Level 1  
  40  3:54  Marauder, Missile Turret  
  42  3:58  SCV x2  
  44  4:09  Barracks  
  44  4:10  Barracks  
  44  4:11  SCV  
  44  4:12  SCV  
  46  4:17  Ghost  
  46  4:24  SCV x2  
  49  4:36  SCV x2  
  49  4:37  Factory  
  51  4:47  Marauder  
  51  4:48  Refinery, SCV  
  51  4:50  SCV  
  51  4:51  Orbital Command  
  51  4:52  Stimpack  
  55  4:56  Barracks Tech Lab  
  55  4:57  Refinery, Barracks Tech Lab  
  55  5:01  Supply Depot  
  55  5:05  Missile Turret  
  54  5:09  Marauder  
  56  5:20  SCV  
  53  5:24  Marauder  
  53  5:25  Marauder  
  53  5:26  Widow Mine  
  58  5:29  SCV  
  58  5:30  Marauder  
  57  5:38  SCV x2  
  57  5:42  SCV  
  50  5:45  Starport  
  42  5:50  SCV, Factory Reactor  
  41  5:59  SCV x2  
  41  6:00  Marauder x2  
  41  6:03  SCV  
  48  6:11  Marauder, SCV  
  50  6:17  SCV  
  43  6:27  Marauder x2  
  43  6:32  Marauder  
  49  6:37  SCV  
  47  6:44  SCV x2  
  49  6:48  Marauder, Ghost  
  49  6:54  SCV  
  54  6:56  SCV  
  54  6:58  Marauder  
  57  7:01  SCV  
  57  7:06  SCV  
  59  7:18  Medivac  
  63  7:23  Medivac  
  63  7:25  Marauder  
  63  7:29  Marauder  
  67  7:33  SCV x2  
  68  7:42  SCV  
  66  7:45  SCV  
  66  7:46  SCV  
  65  7:52  Marauder  
  65  7:58  SCV  
  69  8:05  SCV x2  
Tags
 
Add a new tag
Caveats
  • Supply blocks, unpowered buildings, or Contaminate may cause inaccurate times.
  • Supply counts are checked every 10 seconds.